 Dungeon Crawl Stone Soup version 0.14-a0-2162-g062a2ce (webtiles) character file.

748 Egon the Chopper (level 7, 32/61 HPs)
             Began as a Grey Draconian Berserker on Jan 28, 2014.
             Was an Elder of Trog.
             Quit the game on Level 5 of the Dungeon.
             The game lasted 00:10:08 (3644 turns).

Egon the Chopper (Grey Draconian Berserker)         Turns: 3644, Time: 00:10:08

HP  32/61        AC 14     Str 22      XL: 7   Next:  9%
MP   7/7         EV 14     Int  8      God: Trog [****..]
Gold 191         SH  0     Dex 12      Spells:  0 memorised,  6 levels left

rFire  . . .     SeeInvis .     a - +0 hand axe
rCold  . . .     Clarity  .     (armour unavailable)
rNeg   . . .     Conserve .     (no shield)
rPois  .         rCorr    .     (helmet restricted)
rElec  .         rRot     .     B - +0 cloak of the Sailor {Str+3 Acc+4}
SustAb . .       Spirit   .     f - +0 pair of orc gloves (curse)
rMut   .         Warding  .     y - +0 pair of orc boots
Saprov . . .     Stasis   .     (no amulet)
MR     .....                    (no ring)
                                (no ring)

@: exhausted, slowed, very slow, not resistant to hostile enchantments,
unstealthy
A: walk through water, unfitting armour, unbreathing, AC +11
a: Burn Spellbooks, Berserk, Trog's Hand, Brothers in Arms, Renounce Religion


You were on level 5 of the Dungeon.
You worshipped Trog.
Trog was greatly pleased with you.
You were hungry.

You visited 1 branch of the dungeon, and saw 5 of its levels.

You collected 191 gold pieces.

Inventory:

Hand weapons
 a - a +0,+0 hand axe (weapon)
Armour
 f - a cursed +0 pair of orcish gloves (worn)
 x - a +0 pair of gloves
 y - a +0 pair of orcish boots (worn)
 B - the +0 cloak of the Sailor (worn) {Str+3 Acc+4}
   (You found it on level 5 of the Dungeon)

   It affects your strength (+3).
   It affects your accuracy with ranged weapons and melee attacks (+4).
Comestibles
 c - 2 bread rations
 g - 2 rambutans
 n - a choko
 p - a cheese
 u - 2 meat rations
 D - a chunk of worker ant flesh
Scrolls
 b - a scroll of curse weapon {unknown}
 d - a scroll of noise {unknown}
 e - 5 scrolls of enchant armour {unknown}
 h - 2 scrolls of immolation {unknown}
 i - 2 scrolls of amnesia {unknown}
 j - 4 scrolls of identify {unknown}
 m - a scroll of blinking {unknown}
 o - a scroll of recharging {unknown}
 q - a scroll of magic mapping {unknown}
 t - a scroll of fog {unknown}
 v - a scroll of random uselessness {unknown}
 w - 3 scrolls of remove curse {unknown}
Potions
 k - a potion of lignification {unknown}
 l - a potion of restore abilities
 r - a potion of confusion {unknown}
 s - a potion of curing {unknown}
 z - a potion of speed {unknown}
 A - a potion of berserk rage {unknown}
 C - a potion of heal wounds


   Skills:
 + Level 5.4 Fighting
 + Level 5.5 Axes
 + Level 4.7 Dodging


You had 6 spell levels left.
You didn't know any spells.

Dungeon Overview and Level Annotations

Branches:
Dungeon (5/16)
 Temple: D:4-7

Altars:
Ashenzari
Cheibriados


Innate Abilities, Weirdness & Mutations

You can walk through water.
Your dull iron-grey scales are very hard (AC +11).
Your body does not fit into most forms of armour.
Your cold-blooded metabolism reacts poorly to cold.
You can survive without breathing.


Message History

The ice beast is moderately wounded.
The bat hits your ogre but does no damage.
The bat barely misses your ogre.
Your ogre misses the bat. The bat hits your ogre.
The ice beast completely misses you. The bat hits your ogre.
Your ogre hits the bat with a giant club!
The bat dies!
Trog accepts your collateral kill.
The ice beast hits you but does no damage.
You hit the ice beast.
The ice beast is moderately wounded.
Your ogre hits the ice beast with a giant club!
The ice beast closely misses you.
Your ogre hits the ice beast with a giant club!
The ice beast dies!
Trog accepts your collateral kill.
You have reached level 7!
Your scales start taking on a dull iron-grey colour.
You feel breathless.
Are you sure you want to abandon this character and quit the game? (Confirm with "yes".)

.############ .
............. ..#
.............. ..#
........##### #.#
........# #.#
........# #.#
........##########.#
...................#
................@.O#
##..##############%#
....# ############.#
................%..#
########........)..#
# #..########.# . .
..# . ..# # ..#


You could see a friendly ogre (berserk).

Vanquished Creatures
  A centaur (D:5)
  Sigmund (D:3)
  2 crimson imps
  A hound (D:4)
  3 worker ants
  4 adders
  An orc skeleton (D:4)
  2 worms (D:4)
  An ooze (D:3)
  8 orcs
  12 bats
  2 bat skeletons (D:5)
  5 giant cockroaches
  8 goblins
  18 hobgoblins
  13 kobolds
  3 quokkas
  4 giant newts
  8 jackals (D:5)
  13 rats
110 creatures vanquished.

Vanquished Creatures (collateral kills)
  An ice beast (D:5)
  A bat (D:5)
2 creatures vanquished.

Grand Total: 112 creatures vanquished

Notes
Turn   | Place    | Note
--------------------------------------------------------------
     0 | D:1      | Egon, the Draconian Berserker, began the quest for the Orb.
     0 | D:1      | Reached XP level 1. HP: 19/19 MP: 1/1
   114 | D:1      | Reached XP level 2. HP: 24/26 MP: 2/2
   390 | D:1      | Acquired Trog's second power
   446 | D:1      | HP: 1/26 [poisoned by a kobold]
   618 | D:1      | Reached XP level 3. HP: 25/31 MP: 3/3
   836 | D:2      | Found a shattered altar of Ashenzari.
  1460 | D:2      | Reached skill level 4 in Axes
  1609 | D:2      | Reached XP level 4. HP: 26/39 MP: 4/4
  2220 | D:3      | Noticed Sigmund
  2228 | D:3      | Paralysed by a potion of paralysis for 7 turns
  2240 | D:3      | Killed Sigmund
  2240 | D:3      | Reached XP level 5. HP: 17/46 MP: 5/5
  2420 | D:3      | Found a snail-covered altar of Cheibriados.
  3084 | D:4      | Reached XP level 6. HP: 53/53 MP: 6/6
  3232 | D:4      | Reached skill level 5 in Axes
  3371 | D:5      | Entered Level 5 of the Dungeon
  3427 | D:5      | Got a dazzling cloak
  3430 | D:5      | Identified the +0 cloak of the Sailor {Str+3 Acc+4} (You found it on level 5 of the Dungeon)
  3466 | D:5      | Reached skill level 5 in Fighting
  3493 | D:5      | Acquired Trog's third power
  3643 | D:5      | Your scales start taking on a dull iron-grey colour.
  3643 | D:5      | Gained mutation: You can survive without breathing. [draconian maturity]
  3643 | D:5      | Reached XP level 7. HP: 32/61 MP: 7/7
  3644 | D:5      | Quit the game

Action                   |  1- 3 |  4- 6 |  7- 9 || total
-------------------------+-------+-------+-------++-------
Melee: Hand axe          |   158 |   380 |       ||   538
Invok: Berserk           |     1 |     2 |       ||     3
       Trog's Hand       |       |     1 |       ||     1
       Brothers in Arms  |       |     1 |       ||     1
  Use: Potion            |     1 |     2 |       ||     3
 Stab: Sleeping          |     1 |     1 |       ||     2
